 Dungeon Crawl Stone Soup version 0.28-a0-1518-gbe868bca14 (webtiles) character file.

Game seed: 2650344028526984732

492 bande the Chopper (level 7, -5/44 HPs)
             Began as a Gargoyle Fighter on Jan 17, 2022.
             Slain by an ogre (15 damage)
             ... on level 5 of the Dungeon.
             The game lasted 00:06:57 (3971 turns).

bande the Chopper (Gargoyle Fighter)                Turns: 3971, Time: 00:06:57

Health: -5/44      AC: 14    Str: 20    XL:     7   Next: 14%
Magic:  0/7        EV:  7    Int:  8    God:
Gold:   229        SH:  6    Dex: 11    Spells: 6/6 levels left

rFire   . . .      SeeInvis .   a - +1 war axe
rCold   . . .      Faith    .   g - +2 buckler
rNeg    + . .      Spirit   +   i - +0 chain mail
rPois   ∞          Reflect  .   (no helmet)
rElec   +          Harm     .   (no cloak)
rCorr   .          Rampage  .   (no gloves)
Will    .....                   (no boots)
Stlth   ..........              h - amulet of guardian spirit
HPRegen 0.14/turn               (no ring)
MPRegen 0.10/turn               (no ring)

@: no status effects
A: sickness immunity, AC +4, negative energy resistance 1, electricity
resistance, torment resistance 1, petrification resistance
a: no special abilities


You were on level 5 of the Dungeon.
You visited 1 branch of the dungeon, and saw 6 of its levels.

You collected 229 gold pieces.

Inventory:

Hand Weapons
 a - a +1 war axe (weapon)
 b - a +0 war axe
 c - a +0 flail
Armour
 g - a +2 buckler (worn)
 i - a +0 chain mail (worn)
 m - a +2 ring mail of fire resistance
Jewellery
 h - an amulet of guardian spirit (around neck)
 j - a +4 ring of protection
Wands
 l - a wand of paralysis (7)
Scrolls
 e - 3 scrolls of teleportation
 f - 5 scrolls of identify
Potions
 d - a potion of might


   Skills:
 + Level 4.5 Fighting
 + Level 5.2 Axes
 + Level 4.5 Armour
 + Level 4.1 Shields


You had 6 spell levels left.
You didn't know any spells.
Your spell library contained the following spells:

 Spells                   Type           Power      Damage    Failure   Level
 Blink                    Tloc           0%         N/A       100%        2
 Manifold Assault         Tloc           0%         N/A       100%        5
 Storm Form               Tmut/Air       0%         N/A       100%        7


Dungeon Overview and Level Annotations

Branches:
Dungeon (6/15)
 Temple: D:4-7

Altars:
Hepliaklqana
Ru

Shops:
D:3 :

Annotations:
D:5 Eustachio


Innate Abilities, Weirdness & Mutations

You are immune to sickness and miasma.
Your stone body is resilient. (AC +4)
You are immune to poison.
You resist negative energy. (rN+)
You are resistant to electric shocks. (rElec)
You are resistant to unholy torment.
You are immune to petrification.


Message History

You hit the iguana.
The iguana is moderately wounded.
The iguana bites you.
You hit the iguana.
The iguana is moderately wounded.
You block the iguana's attack.
The iguana bites you but does no damage.
You closely miss the iguana.
The iguana is moderately wounded.
You block the iguana's attack.
You hit the iguana.
The iguana is heavily wounded.
The iguana bites you but does no damage.
You hit the iguana but do no damage.
The iguana is heavily wounded.
The iguana bites you. The iguana barely misses you.
You slash the iguana!
You kill the iguana!
You slash the ogre!
The ogre is heavily wounded.
The ogre hits you with a +0 giant club.
You barely miss the ogre.
The ogre is heavily wounded.
The ogre hits you with a +0 giant club!!
You are too injured to fight recklessly!
You are too injured to fight recklessly!
You are too injured to fight recklessly!
You are too injured to fight recklessly!
You are too injured to fight recklessly!
You barely miss the ogre.
The ogre is heavily wounded.
The ogre closely misses you.
You barely miss the ogre.
The ogre is heavily wounded.
The ogre hits you with a +0 giant club!
* * * LOW HITPOINT WARNING * * *
You hit the ogre.
The ogre is severely wounded.
The ogre hits you with a +0 giant club!
You die...

##..#......###.....
.^..###........ . .
#.........##..
####.###.#####
....<.....# .
###.#..#..### ###. #
#..#....#######..
#..#..#.#..>.##.#
...#..#.#.##@#..# #
.####.#.....#O#..###.#
.. #.......#.#......#
## #.....8.$......###
#.#........#.....#
#.##.....#.#.O...# #
###.###.#.....# #..
#.###..l.... ### #.#
#.#....


You could see an ogre.

Vanquished Creatures
  Blork the orc (D:4)
  2 bullfrog zombies (D:5)
  A centaur zombie (D:5)
  An orc priest (D:4)
  A hound (D:4)
  An iguana (D:5)
  Ijyb (D:4)
  2 orc wizards (D:3)
  A hound skeleton (D:5)
  A howler monkey zombie (D:5)
  A gnoll (D:5)
  4 adders
  An adder skeleton (D:4)
  A worm (D:3)
  3 dart slugs
  7 orcs
  9 ball pythons
  15 endoplasms
  9 goblins
  3 hobgoblins
  2 jackals (D:4)
  8 kobolds
  3 quokkas
  6 bats
  4 frilled lizards
  4 rats
92 creatures vanquished.

Vanquished Creatures (others)
  5 plants (D:6)
  3 withered plants (D:5)
8 creatures vanquished.

Grand Total: 100 creatures vanquished

Notes
Turn   | Place    | Note
-------+----------+-------------------------------------------
     0 | D:1      | bande the Gargoyle Fighter began the quest for the Orb.
     0 | D:1      | Reached XP level 1. HP: 14/14 MP: 1/1
    86 | D:1      | Reached XP level 2. HP: 19/19 MP: 2/2
   122 | D:1      | Reached skill level 2 in Axes
   698 | D:2      | Reached XP level 3. HP: 14/24 MP: 3/3
   914 | D:2      | Found a sacrificial altar of Ru.
  1062 | D:2      | Found a faded altar of an unknown god.
  1259 | D:3      | Reached XP level 4. HP: 17/29 MP: 2/4
  1274 | D:3      | Reached skill level 3 in Axes
  1283 | D:3      | Reached XP level 5. HP: 7/33 MP: 2/5
  1700 | D:3      | Found Zefeinit's Book Shop.
  2178 | D:4      | Found a hazy altar of Hepliaklqana.
  2195 | D:4      | Identified the +7 leather armour "Siokked" {Dex+2}
  2209 | D:4      | Reached skill level 4 in Axes
  2399 | D:4      | Reached XP level 6. HP: 38/38 MP: 6/6
  2564 | D:4      | Noticed Blork the orc
  2576 | D:4      | Killed Blork the orc
  2823 | D:4      | Noticed Ijyb
  2830 | D:4      | Paralysed by Ijyb for 3 turns
  2844 | D:4      | Killed Ijyb
  3194 | D:5      | Entered Level 5 of the Dungeon
  3260 | D:5      | Reached skill level 5 in Axes
  3274 | D:5      | Reached XP level 7. HP: 37/44 MP: 7/7
  3326 | D:5      | Noticed Eustachio
  3971 | D:5      | Slain by an ogre

Illustrated notes

Levels and vault maps discovered:
D:1:      ncdulo_halloftheorcs, layout_basic
D:2:      layout_basic, shapermc_ecumenical_altar_hornbeckon, basic_altar,
          fountainhead
D:3:      layout_basic, serial_shops, shop_fountains
D:4:      layout_loops_cross, mainiacjoe_overflow_chevrons,
          chequers_serial_rivers_micro_e, chequers_serial_rivers_small_a,
          minmay_bent, uniq_blork_the_orc, uniq_ijyb
D:5:      layout_basic, serial_shops, nicolae_take_the_stairs, serial_undead,
          serial_undead_e, serial_undead_d, serial_undead_b, serial_undead_e,
          uniq_eustachio
D:6:      layout_loops_ring, minmay_temple_entry_gardened_gates,
          biasface_ghost_orc_armoury, uniq_sigmund

Skill      XL: |  1  2  3  4  5  6 |
---------------+-------------------+-----
Axes           | 2 3 4 5 |  5.2
Fighting       | 4 |  4.5
Armour         | 4 |  4.5
Shields        | 4 |  4.1

Action                   |  1- 3 |  4- 6 |  7- 9 || total
-------------------------+-------+-------+-------++-------
Melee: War axe           |    96 |   162 |    53 ||   311
  Use: Scroll            |     3 |     4 |       ||     7
       Potion            |       |     1 |       ||     1
Armor: Scale mail        |    61 |    95 |       ||   156
       Chain mail        |       |    44 |    33 ||    77
Dodge: Dodged            |    41 |    85 |    21 ||   147
Block: Buckler           |    26 |    46 |    23 ||    95

Table legend: (Time is in decaauts)
 A = Elapsed time spent in this place.
 B = Non-inter-level travel time spent in this place.
 C = Inter-level travel time spent in this place.
 D = Time resting spent in this place.
 E = Time spent auto-exploring this place.
 F = Levels seen in this place.
 G = Mean time per level.
                   A        B        C        D        E       F      G
               +--------+--------+--------+--------+--------+-----+--------+
         Total |   4096 |   4042 |     54 |   1089 |   2043 |   6 |  682.7 |
       Dungeon |   4096 |   4042 |     54 |   1089 |   2043 |   6 |  682.7 |
               +--------+--------+--------+--------+--------+-----+--------+

Top non-repeatable levels by time:
     D:4: 1077 daAuts
     D:3: 932 daAuts
     D:1: 711 daAuts
     D:2: 573 daAuts
     D:6: 556 daAuts
     D:5: 244 daAuts
